 Dungeon Crawl Stone Soup version 0.31-a0-152-g6aa68a64a1 (webtiles) character file.

Game seed: 15117970351185548087

37569 qw the Marksminotaur (level 13, -1/122 HPs)
             Began as a Minotaur Hunter on June 10, 2023.
             Was an Elder of Okawaru.
             Slain by a basilisk (6 damage)
             ... while petrified by a basilisk
             ... on level 5 of the Lair of Beasts.
             The game lasted 00:04:51 (12957 turns).

qw the Marksminotaur (Minotaur Hunter)             Turns: 12957, Time: 00:04:52

Health: -1/122     AC: 15    Str: 18    XL:     13   Next: 59%
Magic:  14/19      EV:  2    Int:  6    God:    Okawaru [****..]
Gold:   468        SH:  0    Dex: 17    Spells: 12/12 levels left

rFire   . . .        Y - +2 arbalest (drain)
rCold   + . .        (shield currently unavailable)
rNeg    + + +        p - +3 ring mail {rPois}
rPois   inf          (helmet restricted)
rElec   .            (no cloak)
rCorr   .            c - +2 pair of gloves
SInv    .            q - +0 pair of boots
Will    .....        h - amulet of faith
Stlth   +++          g - +4 ring of slaying {mikee}
HPRegen 0.40/turn    k - ring of protection from cold
MPRegen 0.16/turn

%: faith
@: petrified, heroic, finesse-ful
A: horns 2, retaliatory headbutt
a: Renounce Religion, Heroism, Finesse


You were on level 5 of the Lair of Beasts.
You worshipped Okawaru.
Okawaru was greatly pleased with you.
You visited 3 branches of the dungeon, and saw 14 of its levels.

You collected 847 gold pieces.
You spent 379 gold pieces at shops.


Innate Abilities, Weirdness & Mutations

You have a pair of horns on your head.
You reflexively headbutt those who attack you in melee.


   Skills:
 - Level 13.0(18.0) Fighting
 - Level 18.0(23.0) Ranged Weapons
 - Level 6.0(11.0) Armour
 + Level 8.9(13.9) Dodging
 - Level 0.7(5.7) Stealth
 - Level 10.0 Invocations


You had 12 spell levels left.
You didn't know any spells.
Your spell library was empty.

Inventory:

Hand Weapons
 Y - a +2 arbalest of draining (weapon)
Armour
 c - a +2 pair of gloves (worn)
 j - the +0 pair of boots of Uhise {-Tele Str+3 Stlth+}
   (Okawaru gifted it to you on level 3 of the Lair of Beasts)

   Str:       It affects your strength (+3).
   -Tele:     It prevents most forms of teleportation.
   Stlth:     It makes you more stealthy.
 p - a +3 ring mail of poison resistance (worn)
 q - a +0 pair of boots (worn)
 r - a +0 robe of fire resistance
Jewellery
 a - an amulet of the acrobat
 g - a +4 ring of slaying (left hand) {mikee}
 h - an amulet of faith (around neck)
 i - a +6 ring of strength
 k - a ring of protection from cold (right hand)
Scrolls
 d - 10 scrolls of identify
 l - 3 scrolls of teleportation
Potions
 b - 2 potions of might
 e - a potion of mutation
 f - 2 potions of haste
 m - a potion of heal wounds
 n - 4 potions of curing
 o - a potion of magic

Dungeon Overview and Level Annotations

Branches:
Dungeon (8/15)             Temple (1/1) D:7            Lair (5/5) D:8
 Shoals (0/4) Lair:2       Spider (0/4) Lair:3        Slime (0/5) Lair:5

Altars:
Ashenzari
Cheibriados
Dithmenos
Elyvilon
Fedhas
Gozag
Hepliaklqana
Kikubaaqudgha
Nemelex Xobeh
Okawaru
Qazlal
Ru
Sif Muna
Vehumet
Wu Jian
Xom
Yredelemnul
The Shining One
Jiyva

Shops:
D:1 [   D:6 *   D:7 [

Annotations:
D:3 Natasha
D:4 4 runed translucent doors
Lair:5 1 runed translucent door


Message History

You shoot a bolt. The bolt hits the death yak!!
The death yak is heavily wounded.
You shoot a bolt. The bolt hits the death yak!
The death yak is severely wounded.
The basilisk gazes at you.
You are slowing down.
A polar bear comes into view.
The yak gores the fungus!
You shoot a bolt. The bolt hits the death yak!!
You kill the death yak!
Okawaru accepts your kill.
You hear a bellow! x2
The basilisk bites you.
You shoot a bolt. The bolt closely misses the yak.
You feel like a meek peon again.
Your limbs are stiffening.
12952 ||| INVOKING Heroism.
You gain the combat prowess of a mighty hero.
The yak gores the fungus! x2
The basilisk gazes at you.
Your limbs have turned to stone.
The yak barely misses you.
A yak comes into view.
The yak gores you but does no damage. The basilisk bites you.
The yak gores you but does no damage.
You have turned to stone.
A nearby fungus withers and dies.
The yak gores you!
A yak comes into view.
The basilisk bites you but does no damage.
The yak gores you! The yak gores you. The basilisk bites you!
The yak gores the fungus.
The fungus begins to die.
The basilisk bites you! The yak gores you!
The yak gores you but does no damage.
The yak gores you but does no damage. x2
The basilisk gazes at you.
You easily resist.
The yak gores you!
A yak comes into view.
The yak gores the fungus.
The yak gores you but does no damage. The yak gores you.
The yak gores the fungus.
The yak gores you but does no damage. The basilisk bites you!
You die...

###.. ...... ....# .
##... ....P. #.... ...#
#.... ......##....#.#
#.###..# ..P........##
#..P..## ............
#....... #####..Y.......
#......#
#...#.lYYYY....#........
#>.J+.Y@PYY.# #.#...#...
#..J#.#.#hY..#######.#..
##### ### Y..# ...####(.
.......P###%.
............ ..........#
#.##...... #.....#
##..#..


You could see an acid blob, a death yak, a slime creature, a polar bear, 9 yaks
and a basilisk.

Vanquished Creatures
  Josephine (Lair:3)
  A hydra (Lair:3)
  2 death yaks (Lair:5)
  Nergalle (Lair:3)
  A skyshark (Lair:3)
  Pikel (D:8)
  A merfolk siren (Lair:2)
  4 black mambas
  12 elephants
  14 rime drakes
  15 cane toads
  7 komodo dragons
  A meliai (Lair:3)
  21 blink frogs
  5 dream sheep (Lair:5)
  Sigmund (D:5)
  34 yaks
  3 wraiths (Lair:3)
  2 basilisks
  Eustachio (D:4)
  10 steam dragons
  Menkaure (D:5)
  9 water moccasins
  3 wargs (D:8)
  2 acid dragons
  Duvessa (D:5)
  A hornet zombie (D:6)
  A sky beast (D:8)
  An orc warrior (D:8)
  4 ice beasts
  4 black bears
  9 wolves
  3 ogres
  2 centaurs
  A phantom (D:5)
  A kobold brigand (D:6)
  6 bullfrogs
  A gnoll sergeant (D:7)
  4 scorpions
  A water moccasin zombie (D:6)
  3 wights (D:7)
  Dowan (D:4)
  6 killer bees (Lair:3)
  2 howler monkeys
  4 bullfrog zombies (D:6)
  A jelly (D:5)
  6 hounds
  5 orc priests
  3 sleepcaps
  3 iguanas
  Natasha (D:3)
  A killer bee zombie (D:6)
  3 gnolls (D:7)
  6 adders
  A shadow imp (D:5)
  4 ufetubi
  A worm (D:2)
  3 dart slugs
  20 orcs
  6 endoplasms
  4 giant cockroaches
  5 goblins
  8 hobgoblins
  2 jackals (D:3)
  14 kobolds
  3 quokkas
  9 ball pythons
  3 bats
  5 frilled lizards
  2 rats
328 creatures vanquished.

Notes
Turn   | Place    | Note
-------+----------+-------------------------------------------
     0 | D:1      | qw the Minotaur Hunter began the quest for the Orb.
     0 | D:1      | Reached XP level 1. HP: 18/18 MP: 0/0
     0 | D:1      | 0 ||| qw: Version: 0.2-a-122-gbc61b45
     0 | D:1      | 0 ||| qw: Game counter: 3557
     0 | D:1      | 0 ||| qw: Always use a shield: true
     0 | D:1      | 0 ||| qw: God list: Okawaru
     0 | D:1      | 0 ||| qw: Allow faded altars: false
     0 | D:1      | 0 ||| qw: Do Orc after D:15 true
     0 | D:1      | 0 ||| qw: Do second Lair branch before Depths: true
     0 | D:1      | 0 ||| qw: Lair rune preference: random
     0 | D:1      | 0 ||| qw: Plans: Normal
     0 | D:1      | 0 ||| PLANNING D:1-11
    55 | D:1      | Found Tioxt's Antique Armour Emporium.
    76 | D:1      | 76 ||| SHOPLISTING cloak (103 gold, have 2).
    76 | D:1      | 76 ||| SHOPLISTING glowing ring mail (161 gold, have 2).
    76 | D:1      | 76 ||| SHOPLISTING pair of runed gloves (172 gold, have 2).
   161 | D:1      | Reached XP level 2. HP: 25/25 MP: 1/1
   167 | D:1      | Reached skill level 5 in Ranged Weapons
   249 | D:1      | Reached skill level 3 in Fighting
   405 | D:1      | 405 ||| UPGRADING to +0 ring mail.
   415 | D:1      | 415 ||| DROPPING +0 leather armour.
   416 | D:1      | 416 ||| READING 2 scrolls labelled BIUVA MOQU.
   417 | D:1      | 417 ||| READING scroll labelled ECI BACZAMIUM.
   418 | D:1      | 418 ||| READING scroll labelled PYOTOQ TALANU.
   419 | D:1      | 419 ||| READING scroll labelled FUR NIBIUM.
   420 | D:1      | 420 ||| READING scroll labelled HUEN TITHYINOJ.
   421 | D:1      | 421 ||| DROPPING scroll of noise.
   422 | D:1      | 422 ||| DROPPING scroll of butterflies.
   537 | D:2      | Reached skill level 1 in Armour
   537 | D:2      | Reached XP level 3. HP: 31/31 MP: 2/2
  1127 | D:2      | 1127 ||| READING 2 scrolls labelled LAOSED ZINTAMOOV.
  1132 | D:2      | 1132 ||| READING scroll labelled LYNNA QARA QECU.
  1133 | D:2      | 1133 ||| READING 4 scrolls of identify.
  1133 | D:2      | 1133 ||| IDENTIFYING white potion
  1134 | D:2      | 1134 ||| READING 3 scrolls of identify.
  1134 | D:2      | 1134 ||| IDENTIFYING bubbling purple potion
  1135 | D:2      | 1135 ||| READING 2 scrolls of identify.
  1135 | D:2      | 1135 ||| IDENTIFYING smoky puce potion
  1136 | D:2      | 1136 ||| DROPPING potion of degeneration.
  1228 | D:3      | Noticed Natasha
  1234 | D:3      | Killed Natasha
  1235 | D:3      | Reached XP level 4. HP: 17/38 MP: 3/3
  1493 | D:3      | Reached skill level 6 in Ranged Weapons
  1591 | D:3      | Noticed Natasha
  1592 | D:3      | 1592 ||| FLEEEEING.
  1593 | D:3      | 1593 ||| FLEEEEING.
  1594 | D:3      | 1594 ||| FLEEEEING.
  1604 | D:3      | 1604 ||| FLEEEEING.
  1606 | D:3      | 1606 ||| FLEEEEING.
  1607 | D:3      | 1607 ||| FLEEEEING.
  1612 | D:3      | 1612 ||| FLEEEEING.
  1613 | D:3      | 1613 ||| FLEEEEING.
  1617 | D:3      | 1617 ||| FLEEEEING.
  1618 | D:3      | 1618 ||| FLEEEEING.
  1619 | D:3      | 1619 ||| FLEEEEING.
  1624 | D:3      | HP: 8/38 [Natasha (6)]
  1625 | D:3      | 1625 ||| READING scroll of teleportation.
  1953 | D:3      | 1953 ||| UPGRADING to ring of protection from cold.
  1954 | D:3      | 1954 ||| DROPPING +6 ring of intelligence.
  1955 | D:3      | 1955 ||| READING 3 scrolls of identify.
  1955 | D:3      | 1955 ||| IDENTIFYING fuming grey potion
  1956 | D:3      | 1956 ||| READING 2 scrolls of identify.
  1956 | D:3      | 1956 ||| IDENTIFYING blue potion
  1975 | D:4      | 1975 ||| READING scroll of enchant weapon.
  1975 | D:4      | 1975 ||| ENCHANTING +1 shortbow of freezing.
  2072 | D:4      | Found a large runed translucent door.
  2073 | D:4      | Found a large runed translucent door.
  2073 | D:4      | Noticed a steam dragon
  2075 | D:4      | Noticed an ice beast
  2084 | D:4      | Killed an ice beast
  2085 | D:4      | Reached XP level 5. HP: 15/48 MP: 4/4
  2217 | D:4      | Found a large runed translucent door.
  2278 | D:4      | Found a large runed translucent door.
  2295 | D:4      | Reached XP level 6. HP: 56/56 MP: 5/5
  2315 | D:4      | Reached skill level 7 in Ranged Weapons
  2587 | D:4      | Reached skill level 8 in Ranged Weapons
  2587 | D:4      | Reached XP level 7. HP: 61/61 MP: 6/6
  2684 | D:4      | Found a shimmering blue altar of Sif Muna.
  3005 | D:4      | Noticed Eustachio
  3017 | D:4      | 3017 ||| FLEEEEING.
  3018 | D:4      | 3018 ||| FLEEEEING.
  3019 | D:4      | 3019 ||| FLEEEEING.
  3020 | D:4      | 3020 ||| FLEEEEING.
  3021 | D:4      | 3021 ||| FLEEEEING.
  3022 | D:4      | 3022 ||| FLEEEEING.
  3024 | D:4      | 3024 ||| FLEEEEING.
  3025 | D:4      | 3025 ||| FLEEEEING.
  3027 | D:4      | 3027 ||| FLEEEEING.
  3028 | D:4      | 3028 ||| FLEEEEING.
  3029 | D:4      | 3029 ||| FLEEEEING.
  3030 | D:4      | 3030 ||| FLEEEEING.
  3031 | D:4      | 3031 ||| FLEEEEING.
  3032 | D:4      | 3032 ||| FLEEEEING.
  3040 | D:4      | Killed Eustachio
  3041 | D:4      | Reached skill level 9 in Ranged Weapons
  3253 | D:4      | Reached skill level 3 in Dodging
  3392 | D:4      | 3392 ||| Stepping ~*~*~tactically~*~*~ (outnumbered).
  3421 | D:4      | Reached skill level 3 in Armour
  3459 | D:4      | 3459 ||| UPGRADING to +6 ring of strength.
  3473 | D:5      | Entered Level 5 of the Dungeon
  3473 | D:5      | Noticed Duvessa
  3473 | D:5      | Noticed Dowan
  3475 | D:5      | 3475 ||| STAIRDANCE
  3554 | D:5      | 3554 ||| STAIRDANCE
  3662 | D:5      | 3662 ||| STAIRDANCE
  3727 | D:5      | 3727 ||| STAIRDANCE
  3774 | D:5      | Killed Duvessa
  3775 | D:5      | Reached XP level 8. HP: 60/70 MP: 7/7
  3775 | D:5      | 3775 ||| STAIRDANCE
  3789 | D:4      | Killed Dowan
  3790 | D:4      | Reached skill level 6 in Fighting
  3903 | D:4      | 3903 ||| UPGRADING to +2 robe of cold resistance.
  3913 | D:4      | 3913 ||| DROPPING +0 ring mail.
  3934 | D:5      | Noticed Sigmund
  3940 | D:5      | Killed Sigmund
  3956 | D:5      | Reached skill level 10 in Ranged Weapons
  4115 | D:5      | 4115 ||| SWAPPING to +0 orcbow.
  4116 | D:5      | 4116 ||| DROPPING +2 shortbow of freezing.
  4208 | D:5      | 4208 ||| FLEEEEING.
  4313 | D:5      | Noticed Menkaure
  4320 | D:5      | Killed Menkaure
  4574 | D:5      | 4574 ||| UPGRADING to amulet of faith.
  4579 | D:5      | 4579 ||| READING 6 scrolls of identify.
  4579 | D:5      | 4579 ||| IDENTIFYING ruby potion
  4580 | D:5      | 4580 ||| READING 5 scrolls of identify.
  4580 | D:5      | 4580 ||| IDENTIFYING fuming cyan potion
  4581 | D:5      | 4581 ||| READING 4 scrolls of identify.
  4581 | D:5      | 4581 ||| IDENTIFYING murky golden potion
  4582 | D:5      | 4582 ||| DROPPING potion of magic.
  4583 | D:5      | 4583 ||| DROPPING potion of brilliance.
  4638 | D:6      | Found a radiant altar of Vehumet.
  4697 | D:6      | 4697 ||| SWAPPING to +0 arbalest.
  4698 | D:6      | 4698 ||| DROPPING +0 orcbow.
  4705 | D:6      | Reached skill level 11 in Ranged Weapons
  4718 | D:6      | Reached XP level 9. HP: 70/79 MP: 8/8
  4751 | D:6      | Found a basalt altar of Yredelemnul.
  5199 | D:6      | Found a white marble altar of Elyvilon.
  5355 | D:6      | Found Bocsapp's Overcharged Wands.
  5361 | D:6      | Reached skill level 12 in Ranged Weapons
  5623 | D:6      | 5623 ||| READING scroll labelled VUAGE CUNLIMOPH.
  5632 | D:7      | 5632 ||| STAIRDANCE
  5746 | D:7      | Reached skill level 6 in Dodging
  5859 | D:7      | 5859 ||| Stepping ~*~*~tactically~*~*~ (outnumbered).
  5865 | D:7      | 5865 ||| Stepping ~*~*~tactically~*~*~ (outnumbered).
  5875 | D:7      | HP: 18/81 [gnoll/+0 spear[a gnoll sergeant] (7)]
  5876 | D:7      | 5876 ||| READING 2 scrolls of teleportation.
  5877 | D:7      | 5877 ||| DRINKING potion of heal wounds.
  6103 | D:7      | Found Mawob's Antique Armour Boutique.
  6113 | D:7      | 6113 ||| BUYING glowing ring mail (231 gold).
  6113 | D:7      | Bought a glowing ring mail for 231 gold pieces
  6113 | D:7      | 6113 ||| BUYING pair of boots (148 gold).
  6113 | D:7      | Bought a pair of boots for 148 gold pieces
  6113 | D:7      | 6113 ||| SHOPLISTING pair of smoking gloves (313 gold, have
                  | 43).
  6185 | D:7      | Found a staircase to the Ecumenical Temple.
  6186 | D:7      | 6186 ||| PLANNING TEMPLE
  6186 | D:7      | 6186 ||| UPGRADING to +1 pair of gloves.
  6191 | D:7      | 6191 ||| UPGRADING to +3 ring mail of poison resistance.
  6201 | D:7      | 6201 ||| DROPPING +2 robe of cold resistance.
  6202 | D:7      | 6202 ||| UPGRADING to +0 pair of boots.
  6207 | D:7      | 6207 ||| READING 8 scrolls of identify.
  6207 | D:7      | 6207 ||| IDENTIFYING grey potion
  6208 | D:7      | 6208 ||| READING 7 scrolls of identify.
  6208 | D:7      | 6208 ||| IDENTIFYING fuming black potion
  6209 | D:7      | 6209 ||| READING 6 scrolls of identify.
  6209 | D:7      | 6209 ||| IDENTIFYING lumpy silvery potion
  6210 | D:7      | 6210 ||| DROPPING potion of enlightenment.
  6211 | D:7      | 6211 ||| DROPPING potion of ambrosia.
  6212 | D:7      | 6212 ||| DROPPING potion of attraction.
  6219 | Temple   | Entered the Ecumenical Temple
  6262 | Temple   | 6262 ||| PLANNING OKAWARU WORSHIP
  6363 | Temple   | Became a worshipper of Warmaster Okawaru
  6363 | Temple   | 6363 ||| PLANNING D:1-11
  6588 | D:7      | 6588 ||| READING scroll labelled URIKHASIOM.
  6589 | D:7      | 6589 ||| READING scroll labelled GUPHOE BUWU.
  6896 | D:8      | Noticed Pikel
  6902 | D:8      | Killed Pikel
  6902 | D:8      | Reached * piety under Okawaru
  6903 | D:8      | Reached XP level 10. HP: 83/88 MP: 9/9
  7081 | D:8      | Reached skill level 13 in Ranged Weapons
  7081 | D:8      | Reached skill level 1 in Invocations
  7106 | D:8      | 7106 ||| INVOKING Heroism.
  7203 | D:8      | Found a staircase to the Lair.
  7244 | D:8      | 7244 ||| READING scroll of brand weapon.
  7244 | D:8      | 7244 ||| BRANDING +0 arbalest.
  7510 | D:8      | 7510 ||| INVOKING Heroism.
  7512 | D:8      | 7512 ||| Stepping ~*~*~tactically~*~*~ (cloud).
  7513 | D:8      | 7513 ||| Stepping ~*~*~tactically~*~*~ (cloud).
  7735 | D:8      | 7735 ||| PLANNING LAIR
  7735 | D:8      | 7735 ||| DROPPING ring of ice.
  7736 | D:8      | 7736 ||| UPGRADING to +4 ring of slaying {mikee}.
  7738 | D:8      | 7738 ||| UPGRADING to ring of protection from cold.
  7740 | D:8      | 7740 ||| READING scroll labelled CAQIQU USKISADD.
  7790 | Lair:1   | Entered Level 1 of the Lair of Beasts
  7798 | Lair:1   | Reached skill level 3 in Invocations
  7802 | Lair:1   | Reached skill level 9 in Fighting
  7805 | Lair:1   | Reached ** piety under Okawaru
  7874 | Lair:1   | Noticed a cane toad
  7875 | Lair:1   | 7875 ||| INVOKING Heroism.
  7878 | Lair:1   | Killed a cane toad
  7924 | Lair:1   | Noticed a cane toad
  7925 | Lair:1   | 7925 ||| INVOKING Heroism.
  7931 | Lair:1   | Killed a cane toad
  7960 | Lair:1   | Noticed a cane toad
  7961 | Lair:1   | 7961 ||| INVOKING Heroism.
  7963 | Lair:1   | Killed a cane toad
  7966 | Lair:1   | Reached skill level 14 in Ranged Weapons
  8028 | Lair:1   | Noticed a cane toad
  8029 | Lair:1   | 8029 ||| INVOKING Heroism.
  8031 | Lair:1   | Killed a cane toad
  8031 | Lair:1   | Noticed a cane toad
  8034 | Lair:1   | Killed a cane toad
  8074 | Lair:1   | Noticed a cane toad
  8074 | Lair:1   | Noticed a black mamba
  8075 | Lair:1   | 8075 ||| INVOKING Heroism.
  8078 | Lair:1   | Killed a cane toad
  8083 | Lair:1   | Killed a black mamba
  8083 | Lair:1   | Reached *** piety under Okawaru
  8084 | Lair:1   | Reached XP level 11. HP: 88/100 MP: 11/13
  8341 | Lair:1   | 8341 ||| INVOKING Heroism.
  8394 | Lair:1   | 8394 ||| INVOKING Heroism.
  8415 | Lair:1   | 8415 ||| INVOKING Heroism.
  8422 | Lair:1   | Reached skill level 15 in Ranged Weapons
  8577 | Lair:1   | 8577 ||| INVOKING Heroism.
  9094 | Lair:2   | 9094 ||| INVOKING Heroism.
  9110 | Lair:2   | Reached **** piety under Okawaru
  9120 | Lair:2   | 9120 ||| INVOKING Heroism.
  9121 | Lair:2   | Received a gift from Okawaru
  9143 | Lair:2   | 9143 ||| FLEEEEING.
  9144 | Lair:2   | 9144 ||| STAIRDANCE
  9314 | Lair:2   | 9314 ||| INVOKING Heroism.
  9324 | Lair:2   | Reached skill level 16 in Ranged Weapons
  9327 | Lair:2   | 9327 ||| STAIRDANCE
  9329 | Lair:1   | Reached ***** piety under Okawaru
  9330 | Lair:1   | Reached skill level 6 in Invocations
  9470 | Lair:2   | 9470 ||| INVOKING Heroism.
  9789 | Lair:2   | 9789 ||| INVOKING Heroism.
  9924 | Lair:2   | 9924 ||| INVOKING Heroism.
  9927 | Lair:2   | Reached XP level 12. HP: 108/108 MP: 13/16
 10093 | Lair:2   | Found a staircase to the Shoals.
 10274 | Lair:2   | 10274 ||| INVOKING Heroism.
 10366 | Lair:2   | 10366 ||| READING scroll labelled WUWOCVOLAA.
 10476 | Lair:3   | 10476 ||| INVOKING Heroism.
 10481 | Lair:3   | 10481 ||| Stepping ~*~*~tactically~*~*~ (outnumbered).
 10497 | Lair:3   | 10497 ||| INVOKING Heroism.
 10499 | Lair:3   | HP: 26/110 [something (7)]
 10500 | Lair:3   | 10500 ||| READING 5 scrolls of teleportation.
 10666 | Lair:3   | 10666 ||| INVOKING Heroism.
 10748 | Lair:3   | Reached skill level 9 in Invocations
 10784 | Lair:3   | 10784 ||| INVOKING Heroism.
 10785 | Lair:3   | 10785 ||| Stepping ~*~*~tactically~*~*~ (cloud).
 10795 | Lair:3   | Identified the +0 pair of boots of Uhise {-Tele Str+3
                  | Stlth+} (Okawaru gifted it to you on level 3 of the Lair of
                  | Beasts)
 10795 | Lair:3   | Received a gift from Okawaru
 10867 | Lair:3   | Noticed Nergalle
 10869 | Lair:3   | 10869 ||| INVOKING Heroism.
 10875 | Lair:3   | Killed Nergalle
 10901 | Lair:3   | Reached skill level 17 in Ranged Weapons
 10937 | Lair:3   | Reached skill level 6 in Armour
 10983 | Lair:3   | 10983 ||| READING scroll of enchant armour.
 10983 | Lair:3   | 10983 ||| ENCHANTING +1 pair of gloves.
 10995 | Lair:3   | 10995 ||| INVOKING Heroism.
 11099 | Lair:3   | Reached XP level 13. HP: 88/116 MP: 19/19
 11102 | Lair:3   | 11102 ||| INVOKING Heroism.
 11254 | Lair:3   | 11254 ||| Stepping ~*~*~tactically~*~*~ (outnumbered).
 11257 | Lair:3   | 11257 ||| INVOKING Heroism.
 11269 | Lair:3   | 11269 ||| Stepping ~*~*~tactically~*~*~ (cloud).
 11274 | Lair:3   | 11274 ||| FLEEEEING.
 11281 | Lair:3   | 11281 ||| INVOKING Heroism.
 11488 | Lair:3   | 11488 ||| INVOKING Heroism.
 11574 | Lair:3   | Identified the +7 battleaxe of Lubeles {antimagic, rPois
                  | Int+3 SInv} (Okawaru gifted it to you on level 3 of the
                  | Lair of Beasts)
 11574 | Lair:3   | Received a gift from Okawaru
 11625 | Lair:3   | Found a hole to the Spider Nest.
 11708 | Lair:3   | 11708 ||| INVOKING Heroism.
 11795 | Lair:3   | Reached skill level 18 in Ranged Weapons
 11831 | Lair:3   | Noticed Josephine
 11838 | Lair:3   | Killed Josephine
 12018 | Lair:3   | 12018 ||| INVOKING Heroism.
 12039 | Lair:3   | 12039 ||| INVOKING Finesse.
 12118 | Lair:3   | 12118 ||| INVOKING Heroism.
 12287 | Lair:4   | 12287 ||| READING scroll of enchant weapon.
 12287 | Lair:4   | 12287 ||| ENCHANTING +0 arbalest of draining.
 12318 | Lair:4   | 12318 ||| INVOKING Heroism.
 12323 | Lair:4   | Reached skill level 12 in Fighting
 12545 | Lair:4   | Found a broken altar of Ashenzari.
 12792 | Lair:5   | Entered Level 5 of the Lair of Beasts
 12827 | Lair:5   | 12827 ||| INVOKING Heroism.
 12828 | Lair:5   | 12828 ||| INVOKING Finesse.
 12846 | Lair:5   | Received a gift from Okawaru
 12884 | Lair:5   | 12884 ||| READING scroll of enchant weapon.
 12884 | Lair:5   | 12884 ||| ENCHANTING +1 arbalest of draining.
 12914 | Lair:5   | 12914 ||| INVOKING Heroism.
 12926 | Lair:5   | HP: 27/122 [eight-headed hydra (33)]
 12927 | Lair:5   | 12927 ||| READING 4 scrolls of teleportation.
 12928 | Lair:5   | 12928 ||| DRINKING 2 potions of heal wounds.
 12929 | Lair:5   | Found a runed translucent door.
 12929 | Lair:5   | Found a viscous altar of Jiyva.
 12929 | Lair:5   | Found a staircase to the Slime Pits.
 12929 | Lair:5   | Noticed an acid blob
 12937 | Lair:5   | 12937 ||| INVOKING Finesse.
 12952 | Lair:5   | 12952 ||| INVOKING Heroism.
 12953 | Lair:5   | HP: 28/122 [yak (6)]
 12955 | Lair:5   | HP: 12/122 [yak (4)]
 12957 | Lair:5   | HP: 5/122 [yak (3)]
 12957 | Lair:5   | Slain by a basilisk

Levels and vault maps discovered:
D:1:      dpeg_arrival_tiny_a, layout_rooms, serial_shops, shop, minmay_tall_x
D:2:      layout_loops_ring
D:3:      layout_loops_cross, grunt_ministairs_1, corner_web_ring,
          minmay_misc_feat_roman, uniq_natasha
D:4:      layout_layer_cave, lemuel_doored_altar, minmay_hollow_rounded_squares,
          uniq_eustachio
D:5:      layout_rooms, uniq_sigmund, uniq_menkaure, uniq_duvessa
D:6:      layout_loops_ring, vehumet_altar_wand_db,
          nicolae_yredelemnul_corpse_copse, mainiacjoe_overflow_boulevard,
          nicolae_shop_overcharged_wands
D:7:      layout_basic, minmay_temple_entry_hall, serial_shops, shop,
          ebering_dispersal_statue_hall
D:8:      layout_basic, erik_lair_orcish_takeover, uniq_pikel
Temple:   dshaligram_water_room_temple
Lair:1:   layout_small_grid, grunt_megastairs_4
Lair:2:   layout_cave_pods, elwin_shoals_entry_rooms,
          chequers_serial_rivers_micro_e, grunt_megastairs_3
Lair:3:   layout_regular_city, hellmonk_spider_entry_not_the_bees,
          bobbens_dragon_lair_wall, grunt_megastairs_1, uniq_josephine,
          uniq_nergalle
Lair:4:   layout_loops_ring, basic_altar
Lair:5:   wormcave, layout_concentric_octagons,
          hangedman_lair_caniforms_friends, slime_entry_2, basic_altar

Skill      XL: |  1  2  3  4  5  6  7  8  9 10 11 12 13 |
---------------+----------------------------------------+-----
Ranged Weapons | 5 6 8 9 11 12 14 16 17 18 | 18.0
Fighting       | 3 5 7 8 10 11 13 | 13.0
Armour         | 1 3 5 6 |  6.0
Dodging        | 3 4 6 7 8 |  8.9
Invocations    | 4 7 10 | 10.0
Stealth        | |  0.7

Action                     |  1- 3 |  4- 6 |  7- 9 | 10-12 | 13-15 || total
---------------------------+-------+-------+-------+-------+-------++-------
   Fire: Shortbow          |    90 |   100 |   122 |       |       ||   312
         Orcbow            |       |       |    37 |       |       ||    37
         Arbalest          |       |       |   158 |   373 |   163 ||   694
 Invoke: Heroism           |       |       |       |    24 |    11 ||    35
         Finesse           |       |       |       |       |     3 ||     3
    Use: Scroll            |    10 |     4 |    10 |     5 |     3 ||    32
         Potion            |       |       |     1 |       |     1 ||     2
 Armour: Leather armour    |     4 |       |       |       |       ||     4
         Ring mail         |     2 |    16 |    23 |    91 |    50 ||   182
         Robe              |       |       |    18 |       |       ||    18
  Dodge: Dodged            |    17 |    23 |   130 |   182 |    77 ||   429

Table legend:
 A = Non-vault XP
 B = Vault XP
 C = Vault XP percentage of total XP
 D = Non-vault monster count
 E = Vault monster count
 F = Vault count percentage of total count
                 A         B        C        D         E       F
            +---------+---------+-------+---------+---------+-------
      Total |   36438 |   17233 |  32.1 |     239 |      89 |  27.1
            +---------+---------+-------+---------+---------+-------
        D:1 |      24 |       8 |  25.0 |      13 |       4 |  23.5
        D:2 |      35 |       0 |   0.0 |      13 |       0 |   0.0
        D:3 |      33 |      49 |  59.8 |      13 |       3 |  18.8
        D:4 |     789 |     544 |  40.8 |      29 |      12 |  29.3
        D:5 |     604 |     528 |  46.6 |      17 |       3 |  15.0
        D:6 |    1362 |     440 |  24.4 |      21 |       8 |  27.6
        D:7 |     874 |       0 |   0.0 |      11 |       0 |   0.0
        D:8 |     749 |    1182 |  61.2 |      13 |       8 |  38.1
     Lair:1 |    6448 |     800 |  11.0 |      22 |       2 |   8.3
     Lair:2 |    6924 |    1998 |  22.4 |      27 |       6 |  18.2
     Lair:3 |   11212 |   11684 |  51.0 |      36 |      43 |  54.4
     Lair:4 |    1273 |       0 |   0.0 |       6 |       0 |   0.0
     Lair:5 |    6111 |       0 |   0.0 |      18 |       0 |   0.0
            +---------+---------+-------+---------+---------+-------
